 Dungeon Crawl Stone Soup version 0.31-a0-544-gceb718ecc6 (webtiles) character file.

Game seed: 13567018547603040240

6290 dialectric the Grappler (level 10, -10/71 HPs)
             Began as an Octopode Shapeshifter on Aug 15, 2023.
             Was a Priest of Okawaru.
             Mangled by a +1 spectral quarterstaff (18 damage)
             ... created by Joseph
             ... on level 9 of the Dungeon.
             The game lasted 00:15:24 (7248 turns).

dialectric the Grappler (Octopode Shapeshifter)     Turns: 7248, Time: 00:15:25

Health: -10/71     AC:  2    Str: 17    XL:     10   Next: 94%
Magic:  10/10      EV: 26    Int: 10    God:    Okawaru [***...]
Gold:   478        SH:  0    Dex: 15    Spells: 9/9 levels left

rFire   x .          .
                       - Unarmed
rCold   + . .        (no shield)
rNeg    . . .        (helmet currently unavailable)
rPois   +            p - amulet of regeneration
rElec   .            e - +5 ring of evasion
rCorr   +            o - ring of protection from cold
SInv    .            f - +5 ring of evasion
Will    .....        A - ring of resist corrosion
Stlth   +++          C - ring of poison resistance
HPRegen 1.11/turn    (no ring)
MPRegen 0.12/turn    (no ring)
                     (no ring)

%: no passive effects
@: beast-form
A: beast (slay +4), almost no armour, amphibious, 8 rings, camouflage 1,
gelatinous body 1, (nimble swimmer 1), tentacles, shaggy fur 1, heat
vulnerability 1
a: Begin Untransformation, Renounce Religion, Heroism


You were on level 9 of the Dungeon.
You worshipped Okawaru.
Okawaru was most pleased with you.
You were a hulking beast.
You visited 2 branches of the dungeon, and saw 10 of its levels.
You also visited: Sewer.

You collected 478 gold pieces.

Inventory:

Hand Weapons
 x - a +0 long sword of flaming
 E - a +4 short sword of venom
Missiles
 k - 5 darts of dispersal
 D - 11 poisoned darts (quivered)
Jewellery
 d - a ring of flight
 e - a +5 ring of evasion (left tentacle)
 f - a +5 ring of evasion (on tentacle)
 o - a ring of protection from cold (right tentacle)
 p - an amulet of regeneration (around mantle)
 y - the Hermit's Pendant {Faith Invo=14 Evo=0 MP+5}
   (You found it on level 4 of the Dungeon)

   [amulet of faith]

   Invo=14: It sets your Invocations skill to 14.
   Evo=0: It sets your Evocations skill to 0.
   Faith:     It allows you to gain divine favour quickly.
   MP+5:      It affects your magic capacity (+5).
 A - a ring of resist corrosion (on tentacle)
 C - a ring of poison resistance (on tentacle)
 K - a +6 ring of strength
Talismans
 c - a flux talisman
 h - a beast talisman (active)
 m - a beast talisman (active)
Wands
 b - a wand of mindburst (18)
 t - a wand of charming (4)
 F - a wand of flame (6)
 I - a wand of polymorph (12)
Scrolls
 i - 2 scrolls of fog
 j - a scroll of enchant weapon
 l - a scroll of blinking
 n - a scroll of enchant armour {unknown}
 r - 10 scrolls of identify
 u - 2 scrolls of teleportation
 w - a scroll of amnesia
 J - a scroll of vulnerability {unknown}
Potions
 a - 2 potions of lignification
 g - 3 potions of curing
 q - 2 potions of heal wounds
 s - a potion of might {unknown}
 v - 2 potions of attraction {unknown}
 z - a potion of haste
 B - 2 potions of brilliance {unknown}
 G - a potion of cancellation {unknown}
 H - 2 potions of ambrosia {unknown}


   Skills:
 * Level 7.2 Fighting
 + Level 7.5 Dodging
 - Level 2.0 Stealth
 - Level 11.1 Unarmed Combat
 + Level 1.6 Evocations
 - Level 6.0 Shapeshifting


You had 9 spell levels left.
You didn't know any spells.
Your spell library contained the following spells:

 Spells                   Type           Power      Damage    Failure   Level
 Sublimation of Blood     Necr           0%         N/A       50%         2
 Wereblood                Tmut           0%         N/A       50%         2
 Inner Flame              Hex/Fire       0%         N/A       75%         3
 Volatile Blastmotes      Fire/Tloc      0%         2d10      75%         3
 Flame Wave               Conj/Fire      0%         2d4       98%         4
 Fulminant Prism          Conj/Hex       0%         3d5       98%         4
 Iskenderun's Mystic Bla  Conj/Tloc      0%         2d3       98%         4
 Sticky Flame             Conj/Fire      0%         2d3       98%         4
 Summon Hydra             Summ           Unusable   N/A       N/A         7

Dungeon Overview and Level Annotations

Branches:
Dungeon (9/15)             Temple (1/1) D:6           Sewer (visited)
   Lair: D:8-11         Orc: D:9-12

Altars:
Ashenzari
Cheibriados
Dithmenos
Elyvilon
Fedhas
Gozag
Hepliaklqana
Kikubaaqudgha
Makhleb
Nemelex Xobeh
Okawaru
Qazlal
Ru
Sif Muna
Trog
Uskayaw
Vehumet
Wu Jian
Xom
Yredelemnul
Zin

Annotations:
D:8 1 runed translucent door, xianbchi's ghost, novice DsFi
D:9 Joseph


Innate Abilities, Weirdness & Mutations

You are a hulking beast.
Your limbs bulge with bestial killing power. (Slay +4)
You cannot wear most types of armour.
You are amphibious.
You can wear up to eight rings at the same time.
Your skin changes colour to match your surroundings (Stealth+).
Your rubbery body absorbs attacks. (AC +1, EV +1)
((You are camouflaged when in or above water. (Stealth+)))
You have tentacles for arms and can constrict up to eight enemies at once.
You are covered in fur. (AC +1)
You are vulnerable to heat. (rF-)


Message History

You bludgeon Joseph! You grab Joseph.
Joseph is lightly wounded.
You constrict Joseph.
Joseph unwields a +0 sling.
Joseph wields a +1 spectral quarterstaff.
Joseph barely misses you. The +1 spectral quarterstaff hits you!
A +1 spectral quarterstaff comes into view.
You tentacle-slap Joseph.
Joseph is moderately wounded.
You constrict Joseph.
Joseph hits you with a +1 spectral quarterstaff!
The +1 spectral quarterstaff hits you!
You are too injured to fight recklessly!
You are too injured to fight recklessly!
You are too injured to fight recklessly!
You are too injured to fight recklessly!
You are too injured to fight recklessly!
You are too injured to fight recklessly!
You are too injured to fight recklessly!
You are too injured to fight recklessly!
Unknown command.
You bludgeon Joseph! You tentacle-slap Joseph. You squeeze Joseph!
Joseph is severely wounded.
You constrict Joseph, but do no damage.
The +1 spectral quarterstaff closely misses you.
Joseph hits you with a +1 spectral quarterstaff!
* * * LOW HITPOINT WARNING * * *
The +1 spectral quarterstaff completely misses you.
You are too injured to fight recklessly!
Unknown command.
You barely miss Joseph.
Joseph is severely wounded.
You constrict Joseph.
The +1 spectral quarterstaff barely misses you.
Unknown command.
You batter Joseph!!
Joseph is almost dead.
You constrict Joseph. The +1 spectral quarterstaff hits you.
* * * LOW HITPOINT WARNING * * *
The +1 spectral quarterstaff hits you!!
You die...

##........#
##.........##
#....<......#
#............###$#
#................#
##............####
##............!#
#...........#...#
##.....h...####..
.......@(..# .
...#......## .#
##....## ##..##
####


You could see Joseph and a +1 spectral quarterstaff.

Vanquished Creatures
  A deep troll (D:7)
  Pikel (D:6)
  Maurice (D:8)
  Prince Ribbit (D:7)
  A steam dragon (D:8)
  Grum (D:8)
  4 orc warriors
  3 ice beasts
  4 black bears
  Duvessa (D:7)
  4 ogres
  A sky beast (D:8)
  3 wolves
  3 phantoms
  4 lemures
  A kobold brigand (D:5)
  4 bullfrogs
  2 gnoll sergeants
  3 scorpions
  8 wights
  Dowan (D:7)
  5 killer bees (D:7)
  2 hounds (D:4)
  2 jellies
  A gnoll bouda (D:6)
  6 orc priests
  Jessica (D:3)
  5 iguanas
  Terence (D:2)
  9 orc wizards
  Robin (D:3)
  9 adders
  11 gnolls
  A shadow imp (D:8)
  2 white imps
  A worm (D:2)
  3 dart slugs
  48 orcs
  26 ball pythons
  5 bats
  11 endoplasms
  9 giant cockroaches
  15 goblins
  9 hobgoblins
  6 jackals
  13 quokkas
  14 frilled lizards
  24 kobolds
  4 rats
296 creatures vanquished.

Vanquished Creatures (others)
  2 wights (D:6)
  A gnoll (D:8)
  A kobold (D:5)
4 creatures vanquished.

Grand Total: 300 creatures vanquished

Notes
Turn   | Place    | Note
-------+----------+-------------------------------------------
     0 | D:1      | dialectric the Octopode Shapeshifter began the quest for
                  | the Orb.
     0 | D:1      | Reached XP level 1. HP: 13/13 MP: 1/1
    27 | D:1      | Reached XP level 2. HP: 9/18 MP: 2/2
   441 | D:1      | Reached XP level 3. HP: 23/23 MP: 3/3
   701 | D:2      | Noticed Terence
   708 | D:2      | Killed Terence
   709 | D:2      | Reached skill level 4 in Unarmed Combat
   709 | D:2      | Reached XP level 4. HP: 23/28 MP: 4/4
  1263 | D:2      | Found a faded altar of an unknown god.
  1309 | D:3      | Found a glowing drain.
  1312 | D:3      | Reached skill level 1 in Stealth
  1325 | Sewer    | Entered a sewer
  1426 | Sewer    | Reached XP level 5. HP: 33/33 MP: 5/5
  1518 | Sewer    | Reached skill level 5 in Unarmed Combat
  1518 | Sewer    | Reached XP level 6. HP: 9/39 MP: 6/6
  1741 | D:3      | Noticed Robin
  1779 | D:3      | Killed Robin
  1835 | D:3      | Found a sacrificial altar of Ru.
  1960 | D:3      | Found a glowing silver altar of Zin.
  2160 | D:3      | Noticed Jessica
  2169 | D:3      | Killed Jessica
  2712 | D:4      | Reached XP level 7. HP: 45/45 MP: 7/7
  3020 | D:4      | Reached skill level 6 in Unarmed Combat
  3031 | D:4      | Found a hide-covered altar of Uskayaw.
  3296 | D:4      | Found the Hermit's Pendant {Faith Invo=14 Evo=0 MP+5}
  3573 | D:5      | Entered Level 5 of the Dungeon
  3591 | D:5      | Found a hazy altar of Hepliaklqana.
  3714 | D:4      | Reached skill level 7 in Unarmed Combat
  3714 | D:4      | Reached XP level 8. HP: 15/52 MP: 8/8
  4580 | D:6      | Reached skill level 5 in Shapeshifting
  4585 | D:6      | Reached skill level 8 in Unarmed Combat
  4686 | D:6      | Found an ancient bone altar of Kikubaaqudgha.
  4698 | D:6      | Reached XP level 9. HP: 57/59 MP: 9/9
  5068 | D:6      | Reached skill level 5 in Fighting
  5068 | D:6      | Reached skill level 9 in Unarmed Combat
  5129 | D:6      | Found a staircase to the Ecumenical Temple.
  5129 | D:6      | Noticed Pikel
  5343 | D:6      | Killed Pikel
  5388 | Temple   | Entered the Ecumenical Temple
  5406 | Temple   | Became a worshipper of Warmaster Okawaru
  5519 | D:7      | Noticed Prince Ribbit
  5529 | D:7      | Killed Prince Ribbit
  5530 | D:7      | Reached skill level 5 in Dodging
  5687 | D:7      | Noticed Dowan
  5691 | D:7      | Noticed Duvessa
  5692 | D:7      | Killed Dowan
  5722 | D:7      | Reached XP level 10. HP: 10/68 MP: 10/10
  5918 | D:8      | Reached * piety under Okawaru
  5919 | D:8      | Reached skill level 10 in Unarmed Combat
  5919 | D:8      | Reached skill level 1 in Evocations
  5955 | D:8      | Noticed Maurice
  5980 | D:8      | Killed Maurice
  6192 | D:8      | Noticed xianbchi's ghost (novice DsFi)
  6421 | D:8      | Found a runed translucent door.
  6429 | D:8      | Noticed Grum
  6460 | D:7      | Reached ** piety under Okawaru
  6596 | D:7      | Reached skill level 11 in Unarmed Combat
  6663 | D:7      | Gained mutation: You are vulnerable to heat. (rF-) [potion
                  | of mutation]
  6663 | D:7      | Gained mutation: You are covered in fur. (AC +1) [potion of
                  | mutation]
  6663 | D:7      | Gained mutation: You are clumsy. (Dex -2) [potion of
                  | mutation]
  6663 | D:7      | Lost mutation: You are clumsy. (Dex -2) [potion of
                  | mutation]
  6849 | D:7      | Killed Duvessa
  6876 | D:7      | Noticed a deep troll
  6890 | D:7      | Killed a deep troll
  6890 | D:7      | Reached *** piety under Okawaru
  6906 | D:7      | Noticed a deep troll
  6907 | D:7      | Noticed a deep troll
  7062 | D:8      | Found a basalt altar of Yredelemnul.
  7136 | D:8      | Killed Grum
  7238 | D:9      | Noticed Joseph
  7248 | D:9      | Mangled by a +1 spectral quarterstaff

Illustrated notes

Levels and vault maps discovered:
D:1:      orjb1_clovarrival, layout_rooms, feat_on_display
D:2:      layout_basic, dilly_ecumenical_altar_fadedgnrine,
          nicolae_eternal_life, uniq_terence
D:3:      layout_loops_ring, lemuel_crystal_altar, zin_statuary, serial_rivers,
          chequers_serial_rivers_large_a, chequers_serial_rivers_micro_e,
          chequers_serial_rivers_large_b, chequers_serial_rivers_small_3,
          chequers_serial_rivers_small_a, portal_sewer_entry_f,
          reono_crystal_passage, minmay_snake_closets, uniq_robin, uniq_jessica
D:4:      layout_basic, nicolae_uskayaw_dance_hall
D:5:      kennysheep_kobold_camp, layout_cave_pools, mainiacjoe_overflow_paths,
          serial_column_ruins, column_ruins_corridor_straight,
          column_ruins_grid_3, column_ruins_open_small, column_ruins_open_tiny,
          st_stairs_12
D:6:      minmay_inner_zag, layout_rooms, mainiacjoe_overflow_catwalk,
          temple_green, uniq_pikel
D:7:      layout_loops_corners, tso_altar,
          hellmonk_guarded_unrand_vitality_bloodlust, uniq_duvessa,
          uniq_prince_ribbit1
D:8:      layout_cave_pools, lemuel_tele_altar, special_room [special_room_orc],
          hellmonk_ghost_big_iron, nicolae_zen_rock_garden, grunt_ministairs_10,
          uniq_maurice, uniq_grum
D:9:      layout_cave_pods, orc_0_dummy, minmay_radiant, uniq_joseph
Temple:   bh_familiar_temple

Skill      XL: |  1  2  3  4  5  6  7  8  9 10 |
---------------+-------------------------------+-----
Unarmed Combat | 4 5 7 8 9 11 | 11.1
Stealth        | 2 |  2.0
Fighting       | 2 3 4 5 7 |  7.2
Dodging        | 3 4 5 7 |  7.5
Shapeshifting  | 4 5 6 |  6.0
Evocations     | 1 |  1.6

Action                     |  1- 3 |  4- 6 |  7- 9 | 10-12 || total
---------------------------+-------+-------+-------+-------++-------
  Melee: Unarmed           |    56 |   158 |   216 |   174 ||   604
         Constrict         |    17 |    37 |    56 |    36 ||   146
         Tentacles         |    12 |    21 |    51 |    41 ||   125
         Punch             |     1 |     3 |     9 |    17 ||    30
  Throw: Dart              |       |       |     1 |       ||     1
  Evoke: Wand              |       |       |     6 |     2 ||     8
    Use: Potion            |       |     3 |       |     3 ||     6
         Scroll            |       |       |     6 |     5 ||    11
   Stab: Distracted        |     1 |       |     1 |       ||     2
         Sleeping          |     2 |    29 |    12 |       ||    43
 Armour: Skin              |     4 |    18 |     4 |     7 ||    33
  Dodge: Dodged            |    36 |   129 |   211 |   279 ||   655

Table legend: (Time is in decaauts)
 A = Elapsed time spent in this place.
 B = Non-inter-level travel time spent in this place.
 C = Inter-level travel time spent in this place.
 D = Time resting spent in this place.
 E = Time spent auto-exploring this place.
 F = Levels seen in this place.
 G = Mean time per level.
                   A        B        C        D        E       F      G
               +--------+--------+--------+--------+--------+-----+--------+
         Total |   7163 |   6731 |    432 |    292 |   4434 |  11 |  651.2 |
       Dungeon |   6808 |   6393 |    415 |    257 |   4327 |   9 |  756.4 |
        Temple |     35 |     18 |     17 |      0 |      0 |   1 |   35.0 |
         Sewer |    319 |    319 |      0 |     35 |    107 |   1 |  319.0 |
               +--------+--------+--------+--------+--------+-----+--------+

Top non-repeatable levels by time:
     D:4: 1040 daAuts
     D:3: 1036 daAuts
     D:7: 992 daAuts
     D:6: 893 daAuts
     D:2: 801 daAuts
     D:5: 764 daAuts
     D:8: 709 daAuts
     D:1: 552 daAuts
   Sewer: 319 daAuts
  Temple: 35 daAuts
     D:9: 16 daAuts
